 Dungeon Crawl Stone Soup version 0.30-a0-149-g7f746667c4 (webtiles) character file.

Game seed: 9382176952864148871

16 ragingrage the Charlatan (level 2, -1/22 HPs)
             Began as a Demonspawn Artificer on Sept 26, 2022.
             Slain by a hound (3 damage)
             ... on level 2 of the Dungeon.
             The game lasted 00:01:37 (1072 turns).

ragingrage the Charlatan (Demonspawn Artificer)     Turns: 1072, Time: 00:01:38

Health: -1/22      AC:  5    Str: 12    XL:     2   Next: 37%
Magic:  2/2        EV: 11    Int: 12    God:
Gold:   0          SH:  0    Dex: 13    Spells: 1/1 levels left

rFire   . . .      SeeInvis .    f - staff of cold
rCold   + . .      Faith    .    (no shield)
rNeg    . . .      Spirit   .    b - +0 leather armour
rPois   .          Reflect  .    (no helmet)
rElec   .          Harm     .    (no cloak)
rCorr   .          Rampage  .    (no gloves)
Will    .....                    (no boots)
Stlth   +.........               (no amulet)
HPRegen 0.07/turn                (no ring)
MPRegen 0.08/turn                (no ring)

@: no status effects
A: thin metallic scales 1
a: no special abilities


You were on level 2 of the Dungeon.
You visited 1 branch of the dungeon, and saw 3 of its levels.

Inventory:

Hand Weapons
 a - a +0 club
 j - a +0 rapier
Armour
 b - a +0 leather armour (worn)
Magical Staves
 f - a staff of cold (weapon)
Wands
 c - a wand of flame (15) (quivered)
 d - a wand of charming (13)
 e - a wand of iceblast (5)
Scrolls
 g - a scroll of silence {unknown}
 i - a scroll of vulnerability {unknown}
Potions
 h - a potion of magic {unknown}


   Skills:
 + Level 1.8 Fighting
 - Level 1.8 Armour
 - Level 0.9 Dodging
 - Level 0.9 Stealth
 + Level 3.4 Evocations


You had one spell level left.
You didn't know any spells.
Your spell library was empty.

Dungeon Overview and Level Annotations

Branches:
Dungeon (3/15)

Altars:

Shops:
D:1 (


Innate Abilities, Weirdness & Mutations

You are partially covered in thin metallic scales. (AC +2)


Message History

You start resting.
A worm is nearby!
You start resting.
A worm is nearby!
There is a stone staircase leading down here.
You climb downwards.
Found a scroll labelled HEEHEU DYAFUME, 30 gold pieces and a rapier.
Found a stone staircase leading down.
There is a stone staircase leading up here.
Unknown command.
A ball python comes into view.
Found a scroll labelled TIFEYTRUVAN.
The ball python hisses angrily.
The endoplasm quivers.
A hound comes into view.
The hound barks!
You see here a +0 rapier.
j - a +0 rapier The hound bites you.
The hound barely misses you. The endoplasm freezes you.
You are frozen.
You resist. The ball python bites you.
* * * LOW HITPOINT WARNING * * *
The ball python barely misses you. The endoplasm freezes you.
You are frozen.
You resist.
* * * LOW HITPOINT WARNING * * *
There is a stone staircase leading up here.
The hound closely misses you. The ball python barely misses you. x2
The hound closely misses you. The endoplasm freezes you.
You are frozen.
You resist.
* * * LOW HITPOINT WARNING * * *
You climb upwards.
There is a stone staircase leading down here.
Aiming: Charm
Press: ? - help, Shift-Dir - straight line, f - endoplasm
Aim: an endoplasm (chance to affect: 73%)
The endoplasm is charmed.
The hound bites you.
You die...

####....####
####............
#######.........######
#.......#.....#..#
#.#####..........# . #.#
#...#.#....# ### ## ...
#.#
#..........###8###8#?...
#.#
#...#.#..h.#............
#.#
#.......J@S............8
#w#
#.#.....#..#............
#.#
#..........###8###8#....
#.# ##...###.#.# ### ##
:.. #.# #.....#.#.# .
#.# ##.##.#.#.# #.#
#.##.#.#.# #.#
#....#.#.#
##.############.#..


You could see a hound, a ball python and a friendly endoplasm (charmed).

Vanquished Creatures
  An adder (D:2)
  2 endoplasms
  A kobold (D:2)
  A ball python (D:1)
  A rat (D:1)
6 creatures vanquished.

Vanquished Creatures (collateral kills)
  A giant cockroach (D:2)
1 creature vanquished.

Vanquished Creatures (others)
  A kobold (D:2)
1 creature vanquished.

Grand Total: 8 creatures vanquished

Notes
Turn   | Place    | Note
-------+----------+-------------------------------------------
     0 | D:1      | ragingrage the Demonspawn Artificer began the quest for the
                  | Orb.
     0 | D:1      | Reached XP level 1. HP: 15/15 MP: 1/1
    38 | D:1      | Found Vacw's Antique Weapon Boutique.
   615 | D:2      | Gained mutation: You are partially covered in thin metallic
                  | scales. (AC +2) [demonic ancestry]
   615 | D:2      | Reached XP level 2. HP: 13/22 MP: 2/2
  1072 | D:2      | Slain by a hound

Illustrated notes

Levels and vault maps discovered:
D:1:      saegor_arrival_miasma, layout_rooms, serial_shops,
          nicolae_shop_overgrown_old_shop
D:2:      layout_basic, serial_corexii_hall, corexii_hall_statues_s,
          chequers_hall_statues_y, corexii_hall_statues_deadend,
          chequers_hall_statues_corner_a, corexii_hall_statues_x,
          corexii_hall_statues_x, serial_shops, shop, st_stairs_2, minivault_25,
          wander_ebering_terrifying_dragon_lair, uniq_robin, uniq_sigmund
D:3:      layout_rooms, nicolae_overflow_hallway_of_the_gods,
          nicolae_ecumenical_lake_church, uniq_crazy_yiuf_cottage, uniq_grinder

Action                   || total
-------------------------++-------
Melee: Staff             ||    33
       Club              ||     4
Evoke: Wand              ||     2
 Stab: Sleeping          ||     2
Armor: Leather armour    ||    10
Dodge: Dodged            ||    24

Table legend: (Time is in decaauts)
 A = Elapsed time spent in this place.
 B = Non-inter-level travel time spent in this place.
 C = Inter-level travel time spent in this place.
 D = Time resting spent in this place.
 E = Time spent auto-exploring this place.
 F = Levels seen in this place.
 G = Mean time per level.
                   A        B        C        D        E       F      G
               +--------+--------+--------+--------+--------+-----+--------+
         Total |   1079 |   1079 |      0 |    632 |    262 |   3 |  359.7 |
       Dungeon |   1079 |   1079 |      0 |    632 |    262 |   3 |  359.7 |
               +--------+--------+--------+--------+--------+-----+--------+

Top non-repeatable levels by time:
     D:2: 925 daAuts
     D:1: 147 daAuts
     D:3: 6 daAuts
